 Dungeon Crawl Stone Soup version 0.23-a0-370-gf497b7c (webtiles) character file.

26933 Ijustatesigmund the Timeless (level 13, -3/92 HPs)
             Began as an Octopode Conjurer on Oct 24, 2018.
             Was a High Priest of Cheibriados.
             Slain by an eight-headed hydra (4 damage)
             ... on level 2 of the Lair of Beasts.
             The game lasted 01:07:38 (24010 turns).

Ijustatesigmund the Timeless (Octopode Conjurer)   Turns: 24010, Time: 01:07:40

Health: -3/92      AC:  5    Str: 27    XL:     13   Next: 29%
Magic:  15/29      EV: 20    Int: 32    God:    Cheibriados [*****.]
Gold:   952        SH: 10    Dex: 26    Spells: 4/18 levels left

rFire    . . .     SeeInvis .   F - +2 morningstar (protect)
rCold    . . .     Gourm    .   r - +3 buckler
rNeg     . . .     Faith    .   (helmet restricted)
rPois    .         Spirit   .   C - amulet of regeneration
rElec    .         Reflect  .   a - ring of magical power
rCorr    .         Harm     .   k - +4 ring of protection
MR       .....                  g - +3 ring of strength
Stlth    +++++.....             q - ring "Xur Nasu" {Ice Str+4 Slay+3}
HPRegen  0.65/turn              t - ring of fire
MPRegen  0.21/turn              P - +4 ring of slaying
                                (no ring)
                                (no ring)

@: very slow
A: almost no armour, stealthy swim, amphibious, 8 rings, constrict 8, camouflage
1, gelatinous body 1
a: Bend Time, Temporal Distortion, Slouch, Step From Time, Renounce Religion


You were on level 2 of the Lair of Beasts.
You worshipped Cheibriados.
Cheibriados was extremely pleased with you.
You were not hungry.

You visited 3 branches of the dungeon, and saw 16 of its levels.
You also visited: Ossuary.

You collected 952 gold pieces.

Inventory:

Hand Weapons
 o - a +0 blowgun
 F - a +2 morningstar of protection (weapon)
 H - a +4 morningstar
Missiles
 c - a throwing net (quivered)
 p - 71 poisoned needles
 E - 6 needles of sleeping
 I - 4 curare-tipped needles
 J - 5 javelins
Armour
 r - a +3 buckler (worn)
Jewellery
 a - a ring of magical power (left tentacle)
 g - a +3 ring of strength (on tentacle)
 k - a +4 ring of protection (right tentacle)
 m - an uncursed amulet of the acrobat
 q - the ring "Xur Nasu" (on tentacle) {Ice Str+4 Slay+3}
   (You found it on level 4 of the Dungeon)

   [ring of ice]

   It enhances your ice magic.
   It affects your strength (+4).
   It affects your accuracy and damage with ranged weapons and melee attacks
   (+3).
   It makes you vulnerable to fire.
   It protects you from cold.
 t - a ring of fire (on tentacle)
 w - an uncursed ring of flight
 z - a cursed ring of magical power
 C - an amulet of regeneration (around mantle)
 P - a +4 ring of slaying (on tentacle)
Wands
 n - a wand of flame (22)
 y - a wand of paralysis (11)
 K - a wand of enslavement (8)
 L - a wand of disintegration (1)
 M - a wand of scattershot (5)
 N - a wand of digging (15)
 O - a wand of iceblast (5)
Scrolls
 f - 9 scrolls of remove curse
 h - a scroll of fear
 i - 6 scrolls of enchant armour
 v - 4 scrolls of teleportation
 A - 3 scrolls of magic mapping
 B - a scroll of immolation
 G - 3 scrolls of fog
 R - a scroll of identify
Potions
 d - 3 potions of heal wounds
 e - 2 potions of invisibility
 j - a potion of ambrosia
 l - a potion of resistance
 s - a potion of agility
 u - 4 potions of flight
 x - a potion of curing
 D - a potion of lignification
 Q - a potion of magic
Comestibles
 b - 15 rations


   Skills:
 + Level 9.9 Fighting
   Level 3.1(3.3) Short Blades
   Level 1.9(2.8) Long Blades
 - Level 10.0 Maces & Flails
 - Level 4.6 Throwing
 - Level 7.2 Dodging
 - Level 6.4 Stealth
 - Level 4.9 Shields
 - Level 3.3 Spellcasting
 - Level 7.3 Conjurations
 - Level 4.8 Hexes
 - Level 10.4 Invocations
 - Level 2.6 Evocations


You had 4 spell levels left.
You knew the following spells:

 Your Spells              Type           Power        Failure   Level  Hunger
a - Magic Dart            Conj           ####         1%          1    None
b - Searing Ray           Conj           ######       1%          2    None
c - Dazzling Spray        Conj/Hex       #####.       1%          3    ##.....
d - Iskenderun's Mystic   Conj           ######..     3%          4    ####...
e - Fulminant Prism       Conj/Hex       #####.....   4%          4    ####...

Your spell library contained the following spells:

 Spells                   Type           Power        Failure   Level  Hunger
 Force Lance              Conj/Tloc      ####....     13%         4    ####...


Dungeon Overview and Level Annotations

Branches:
Dungeon (13/15)            Temple (1/1) D:4            Lair (2/6) D:10
    Orc (0/2) D:10
  Swamp: Lair:2-4    Shoals: Lair:2-4     Snake: Lair:2-4    Spider: Lair:2-4
 Vaults: D:13-14

Altars:
Ashenzari
Cheibriados
Dithmenos
Elyvilon
Fedhas
Gozag
Hepliaklqana
Kikubaaqudgha
Makhleb
Nemelex Xobeh
Okawaru
Qazlal
Ru
Sif Muna
Trog
Uskayaw
Vehumet
Wu Jian
Xom
Yredelemnul
Zin
The Shining One
Beogh

Shops:
D:5 %

Annotations:
D:4 1 runed door, galech's ghost, amateur DsFi


Innate Abilities, Weirdness & Mutations

You cannot wear most types of armour.
You are very stealthy in the water. (Stealth+)
You are amphibious.
You can wear up to eight rings at the same time.
You can use your tentacles to constrict eight enemies at once.
Your skin changes colour to match your surroundings (Stealth+).
Your rubbery body absorbs attacks. (AC +1, EV +1)


Message History

Cheibriados lowers the support of your attributes as your movement quickens.
You block the eight-headed hydra's attack.
The eight-headed hydra closely misses you.
The eight-headed hydra bites you.
You block the eight-headed hydra's attack.
The eight-headed hydra bites you. The eight-headed hydra bites you! x2
The eight-headed hydra misses you.
You barely miss the eight-headed hydra. You squeeze the eight-headed hydra!
The eight-headed hydra is moderately wounded.
The eight-headed hydra bites you!
You block the eight-headed hydra's attack.
The eight-headed hydra bites you! x2
* * * LOW HITPOINT WARNING * * *
The eight-headed hydra closely misses you.
The eight-headed hydra bites you!
* * * LOW HITPOINT WARNING * * *
The eight-headed hydra bites you.
* * * LOW HITPOINT WARNING * * *
The eight-headed hydra bites you.
You die...

# #..###
#...# # ##.
#...## # ..
###..# . #
.# #.## ..
.... #..#
... #...
#..##...
#.)..
##.#.......
# #..
#...#......
. ..
##@.##.....
.. #..D†##
..... ..
#....##
....
....... ...
....... ...
.......
#≈≈≈.≈≈
≈≈≈≈.≈≈


You could see an eight-headed hydra.

Vanquished Creatures
  Kirke (D:12)
  Snorg (D:10)
  Harold (D:7)
  Erolcha (D:10)
  A hydra (Lair:1)
  5 two-headed ogres
  Erica (D:10)
  Urug (D:10)
  Sonja (Lair:1)
  5 skeletal warriors (D:11)
  An unseen horror (D:12)
  An ugly thing (D:11)
  2 spiny frogs (Lair:1)
  A gargoyle (D:10)
  3 komodo dragons
  2 trolls
  Grinder (D:4)
  2 hippogriffs
  A vampire (D:12)
  A shadow (D:11)
  Sigmund (D:2)
  A wyvern (Lair:1)
  2 wraiths
  15 yaks
  A hungry ghost (D:8)
  4 vampire mosquitoes (D:12)
  2 hogs (D:12)
  Edmund (D:6)
  Menkaure (D:4)
  2 water moccasins
  3 orc warriors
  3 porcupines
  A black bear (D:9)
  2 sky beasts
  3 ice beasts
  2 necrophages
  3 ogres
  An eye of draining (D:10)
  6 crocodiles
  3 wolves (Lair:2)
  4 centaurs
  An elf zombie (Ossuary)
  8 bullfrogs
  2 big kobolds
  2 wyvern zombies
  4 scorpions
  8 killer bees
  18 wights
  A howler monkey (D:4)
  5 bullfrog zombies
  4 crimson imps
  A centaur zombie (Ossuary)
  5 hounds
  9 orc priests
  A gnoll shaman (D:8)
  3 jellies
  3 bullfrog skeletons
  10 orc wizards
  2 centaur skeletons
  5 iguanas
  Natasha (thrice) (D:2)
  8 worker ants
  Ijyb (D:3)
  2 killer bee zombies
  A hound zombie (D:5)
  2 hound skeletons
  3 mummies
  2 worker ant zombies
  A howler monkey skeleton (D:4)
  15 adders
  7 gnolls (D:8)
  A shadow imp (D:6)
  An ooze (D:7)
  An adder zombie (Ossuary)
  A worm (D:5)
  4 dart slugs
  3 leopard geckos
  55 orcs
  A ball python (D:2)
  5 giant cockroaches
  11 goblins
  8 hobgoblins
  12 jackals
  6 quokkas
  2 ball python skeletons (D:4)
  6 frilled lizards
  4 goblin zombies
  9 hobgoblin zombies
  A jackal zombie (Ossuary)
  15 kobolds
  10 kobold zombies (Ossuary)
  11 orc zombies (Ossuary)
  2 quokka skeletons
  A quokka zombie (D:8)
  9 rats
  A rat zombie (Ossuary)
  A fungus (D:6)
412 creatures vanquished.

Vanquished Creatures (collateral kills)
  A yak (D:12)
  An ice beast (D:11)
  A phantom (D:11)
3 creatures vanquished.

Vanquished Creatures (others)
  A yak (D:12)
  An adder (D:10)
  4 fulminant prisms (Lair:1)
  3 plants (D:10)
  2 toadstools (D:6)
11 creatures vanquished.

Grand Total: 426 creatures vanquished

Notes
Turn   | Place    | Note
-------+----------+-------------------------------------------
     0 | D:1      | Ijustatesigmund the Octopode Conjurer began the quest for
                  | the Orb.
     0 | D:1      | Reached XP level 1. HP: 11/11 MP: 3/3
   333 | D:1      | Reached XP level 2. HP: 17/17 MP: 2/5
   416 | D:1      | Learned a level 2 spell: Searing Ray
  1026 | D:2      | Reached XP level 3. HP: 21/21 MP: 6/6
  1037 | D:2      | Noticed Natasha
  1048 | D:2      | Killed Natasha
  1048 | D:2      | Reached skill level 5 in Conjurations
  1358 | D:1      | Learned a level 3 spell: Dazzling Spray
  1403 | D:2      | Found a shimmering altar of Xom.
  1404 | D:2      | Found a shimmering altar of Xom.
  1438 | D:2      | Reached skill level 1 in Hexes
  1438 | D:2      | Reached XP level 4. HP: 27/27 MP: 7/7
  1462 | D:2      | Noticed Sigmund
  1671 | D:3      | Found a radiant altar of Vehumet.
  1678 | D:3      | Found a glowing golden altar of the Shining One.
  2188 | D:3      | Reached XP level 5. HP: 31/31 MP: 8/8
  2191 | D:3      | Noticed Ijyb
  2320 | D:3      | HP: 1/31 [Ijyb/wand of flame (28) (14)]
  2323 | D:3      | Killed Ijyb
  2853 | D:4      | Noticed Menkaure
  2857 | D:4      | Found a runed door.
  2885 | D:4      | Reached XP level 6. HP: 33/36 MP: 4/9
  3015 | D:4      | Got a slimy steel ring
  3016 | D:4      | Identified the ring "Xur Nasu" {Ice Str+4 Slay+3} (You
                  | found it on level 4 of the Dungeon)
  3074 | D:4      | Found a staircase to the Ecumenical Temple.
  3111 | D:4      | Reached skill level 1 in Shields
  3197 | D:4      | Noticed Grinder
  3211 | D:4      | Found a sand-covered staircase.
  3216 | Ossuary  | Entered an ossuary
  3897 | Ossuary  | Reached skill level 1 in Fighting
  3897 | Ossuary  | Reached XP level 7. HP: 26/43 MP: 10/10
  4465 | D:4      | Killed Grinder
  5099 | D:2      | Noticed Natasha
  5108 | D:2      | Killed Sigmund
  5108 | D:2      | Reached XP level 8. HP: 52/52 MP: 11/11
  5110 | D:2      | Killed Natasha
  5511 | D:2      | Noticed Natasha
  5518 | D:2      | Killed Natasha
  5562 | D:2      | Found a deep blue altar of Sif Muna.
  5960 | D:4      | Killed Menkaure
  5960 | D:4      | Reached skill level 5 in Stealth
  6509 | D:4      | Noticed galech's ghost (amateur DsFi)
  6546 | D:5      | Entered Level 5 of the Dungeon
  6994 | D:5      | Found a shadowy altar of Dithmenos.
  7231 | D:5      | Found a sparkling altar of Nemelex Xobeh.
  7232 | D:5      | Found an opulent altar of Gozag.
  7350 | D:5      | Found Ideugic's Food Shop.
  7798 | Temple   | Entered the Ecumenical Temple
  7965 | Temple   | Became a worshipper of Cheibriados the Contemplative
  8048 | D:5      | Reached skill level 1 in Invocations
  9252 | D:6      | Reached XP level 9. HP: 30/56 MP: 12/14
  9446 | D:6      | Noticed Edmund
  9452 | D:6      | Killed Edmund
  9452 | D:6      | Reached skill level 5 in Invocations
 10050 | D:6      | Learned a level 4 spell: Iskenderun's Mystic Blast
 10209 | D:6      | Reached * piety under Cheibriados
 11474 | D:7      | Noticed Harold
 11483 | D:7      | Killed Harold
 11571 | D:7      | Reached XP level 10. HP: 63/63 MP: 15/15
 11755 | D:7      | Reached ** piety under Cheibriados
 11821 | D:7      | Reached skill level 1 in Long Blades
 13646 | D:8      | Reached skill level 1 in Maces & Flails
 14166 | D:9      | Reached *** piety under Cheibriados
 14515 | D:9      | Noticed a two-headed ogre
 14523 | D:9      | Killed a two-headed ogre
 14523 | D:9      | Reached skill level 5 in Maces & Flails
 14614 | D:8      | Found a sacrificial altar of Ru.
 14614 | D:8      | Found a stormy altar of Qazlal.
 15143 | D:9      | Found a burning altar of Makhleb.
 15150 | D:9      | Found a bloodstained altar of Trog.
 15712 | D:10     | Entered Level 10 of the Dungeon
 15985 | D:10     | Reached **** piety under Cheibriados
 16102 | D:10     | Reached XP level 11. HP: 67/67 MP: 17/17
 16455 | D:10     | Noticed a two-headed ogre
 16470 | D:10     | Killed a two-headed ogre
 16661 | D:10     | Found a staircase to the Lair.
 16939 | D:10     | Noticed Urug
 16950 | D:10     | Killed Urug
 17060 | D:10     | Noticed Snorg
 17079 | D:10     | Killed Snorg
 17079 | D:10     | Reached skill level 10 in Maces & Flails
 17226 | D:10     | Noticed Erolcha
 17230 | D:10     | Paralysed by Erolcha for 7 turns
 17237 | D:10     | Reached ***** piety under Cheibriados
 17241 | D:10     | Killed Erolcha
 17252 | D:10     | Noticed Erica
 17267 | D:10     | Killed Erica
 17427 | D:10     | Reached skill level 1 in Evocations
 17561 | D:10     | Found a staircase to the Orcish Mines.
 17630 | D:10     | Found a roughly hewn altar of Beogh.
 17954 | Lair:1   | Entered Level 1 of the Lair of Beasts
 17992 | Lair:1   | Reached skill level 5 in Dodging
 18365 | Lair:1   | Noticed Sonja
 18376 | Lair:1   | Killed Sonja
 18376 | Lair:1   | Reached XP level 12. HP: 38/76 MP: 17/18
 18456 | Lair:1   | Learned a level 4 spell: Fulminant Prism
 18837 | Lair:1   | Reached skill level 5 in Fighting
 19098 | Lair:1   | Reached skill level 1 in Throwing
 19697 | Lair:1   | Noticed an eight-headed hydra
 19730 | Lair:1   | Killed an eight-headed hydra
 20265 | D:11     | Noticed a two-headed ogre
 20273 | D:11     | Killed a two-headed ogre
 21526 | D:11     | Reached skill level 10 in Invocations
 21911 | D:12     | Noticed a two-headed ogre
 22323 | D:12     | Noticed a two-headed ogre
 22330 | D:12     | Killed a two-headed ogre
 22563 | D:12     | Killed a two-headed ogre
 22563 | D:12     | Reached XP level 13. HP: 87/88 MP: 19/20
 23265 | D:12     | Noticed Kirke
 23275 | D:12     | Killed Kirke
 24010 | Lair:2   | HP: 1/92 [eight-headed hydra (5)]
 24010 | Lair:2   | Slain by an eight-headed hydra

Vault maps used:
D:1:      onia_arrival_mini_spirals
D:2:      led_sif_pool, xom_redecorated, uniq_natasha, uniq_sigmund
D:3:      overflow_temple_1_default, fiery_altar_vehumet, corexii_corridor_pit,
          uniq_ijyb
D:4:      minmay_temple_entry_hall, nicolae_ossuary_entry_giza, first_ration,
          ebering_ghost_sewer_d, uniq_grinder, uniq_menkaure
D:5:      grunt_temple_overflow_opulence, basic_altar, serial_shops, shop,
          corexii_corridor_pit
D:6:      minmay_gold_behind_fungi, uniq_edmund
D:7:      uniq_harold
D:8:      nicolae_overflow_hidden_temple, serial_glass, glass_columns_c,
          glass_columns_c, glass_columns_a, glass_columns_c, glass_columns_a,
          glass_columns_a
D:9:      kennysheep_mini_moat, bloody_trog
D:10:     kennysheep_spiral_hall, david_lair_shrubbed,
          minmay_orc_entry_temple_small, uniq_erolcha, uniq_snorg, uniq_urug,
          uniq_erica
D:12:     uniq_kirke
D:13:     minmay_open_boxes_in_corner, erik_vaults_2, basic_altar,
          grunt_ogre_cave, minmay_misc_feat_plants,
          hangedman_abyss_or_decor_lesser_grid
Temple:   minmay_temple_bridge_abc
Lair:1:   chequers_serial_rivers_micro_e, uniq_sonja
Lair:2:   minmay_shoals_entry_hut, beast_lair_carwin_7
Ossuary:  ossuary_tomb_1

Skill      XL: |  1  2  3  4  5  6  7  8  9 10 11 12 13 |
---------------+----------------------------------------+-----
Conjurations   | 5 6 7 |  7.3
Hexes          | 1 2 4 |  4.8
Shields        | 2 4 |  4.9
Fighting       | 1 3 4 7 9 |  9.9
Stealth        | 4 6 |  6.4
Dodging        | 3 5 7 |  7.2
Spellcasting   | 3 |  3.3
Invocations    | 4 7 8 9 10 | 10.4
Short Blades   | 2 3 |  3.1
Long Blades    | 1 |  1.9
Maces & Flails | 7 10 | 10.0
Evocations     | 2 |  2.6
Throwing       | 4 |  4.6

Action                   |  1- 3 |  4- 6 |  7- 9 | 10-12 | 13-15 || total
-------------------------+-------+-------+-------+-------+-------++-------
Melee: Short sword       |       |    24 |    53 |       |       ||    77
       Tentacles         |       |     7 |    11 |    77 |    20 ||   115
       Constrict         |       |     7 |    10 |    49 |    13 ||    79
       Morningstar       |       |       |       |   215 |    46 ||   261
       Falchion          |       |       |       |    19 |       ||    19
 Cast: Magic Dart        |    53 |   217 |   260 |   290 |    12 ||   832
       Searing Ray       |       |     1 |    17 |    21 |       ||    39
       Dazzling Spray    |       |     4 |    17 |    31 |     4 ||    56
       Iskenderun's Myst |       |       |     2 |    19 |     2 ||    23
       Fulminant Prism   |       |       |       |     4 |       ||     4
Invok: Bend Time         |       |       |       |     3 |     1 ||     4
       Slouch            |       |       |       |     2 |     1 ||     3
Evoke: Wand              |       |       |     3 |    16 |     5 ||    24
  Use: Scroll            |     2 |    11 |     4 |    10 |       ||    27
       Potion            |       |     5 |     1 |     3 |       ||     9
 Stab: Sleeping          |       |     2 |     5 |    10 |       ||    17
       Invisible         |       |       |     1 |     6 |     2 ||     9
       Paralysed         |       |       |       |     2 |       ||     2
       Distracted        |       |       |       |     1 |       ||     1
  Eat: Chunk             |     2 |     8 |    12 |    18 |     2 ||    42
       Ration            |       |     1 |     4 |     1 |     1 ||     7
Armor: Skin              |       |    19 |    12 |    38 |     3 ||    72
Dodge: Dodged            |     3 |    49 |    91 |   195 |    38 ||   376
Block: Buckler           |       |    22 |    47 |   161 |    25 ||   255
       Rpst.: Falchion   |       |       |       |     5 |       ||     5

Table legend:
 A = Non-vault XP
 B = Vault XP
 C = Vault XP percentage of total XP
 D = Non-vault monster count
 E = Vault monster count
 F = Vault count percentage of total count
                 A         B        C        D         E       F
            +---------+---------+-------+---------+---------+-------
      Total |   27786 |   10691 |  27.8 |     336 |      78 |  18.8
            +---------+---------+-------+---------+---------+-------
        D:1 |      33 |       0 |   0.0 |      20 |       0 |   0.0
        D:2 |     158 |     248 |  61.1 |      24 |       2 |   7.7
        D:3 |     122 |      33 |  21.3 |      26 |       1 |   3.7
        D:4 |     329 |     447 |  57.6 |      23 |       5 |  17.9
        D:5 |     613 |       0 |   0.0 |      30 |       0 |   0.0
        D:6 |    1253 |     173 |  12.1 |      26 |       1 |   3.7
        D:7 |     621 |     976 |  61.1 |      16 |       1 |   5.9
        D:8 |    1352 |       0 |   0.0 |      26 |       0 |   0.0
        D:9 |    2263 |       0 |   0.0 |      31 |       0 |   0.0
       D:10 |    3127 |    4572 |  59.4 |      34 |      20 |  37.0
       D:11 |    8113 |       0 |   0.0 |      34 |       0 |   0.0
       D:12 |    5328 |    2614 |  32.9 |      28 |       3 |   9.7
     Lair:1 |    4055 |     788 |  16.3 |      15 |       1 |   6.2
     Lair:2 |     419 |     619 |  59.6 |       3 |       5 |  62.5
    Ossuary |       0 |     221 | 100.0 |       0 |      39 | 100.0
            +---------+---------+-------+---------+---------+-------
